 Dungeon Crawl Stone Soup version 0.24-a0-441-g27f0392e16 (webtiles) character file.

Game seed: 11856497616330660731

11 Iscandelvey the Vexing (level 2, 21/21 HPs)
             Began as a Demonspawn Arcane Marksman on June 19, 2019.
             Quit the game on level 1 of the Dungeon.
             The game lasted 00:00:11 (163 turns).

Iscandelvey the Vexing (Demonspawn Arcane Marksman)  Turns: 163, Time: 00:00:11

Health: 21/21      AC:  2    Str: 10    XL:     2   Next: 13%
Magic:  3/3        EV: 12    Int: 14    God:
Gold:   0          SH:  0    Dex: 13    Spells: 2/3 levels left

rFire    . . .     SeeInvis .   a - +0 hunting sling
rCold    + . .     Gourm    .   (no shield)
rNeg     . . .     Faith    .   e - +0 robe
rPois    .         Spirit   .   (no helmet)
rElec    .         Reflect  .   (no cloak)
rCorr    .         Harm     .   (no gloves)
MR       .....                  (no boots)
Stlth    +.........             (no amulet)
HPRegen  0.07/turn              (no ring)
MPRegen  0.08/turn              (no ring)

@: no status effects
A: cold resistance 1
a: no special abilities


You were on level 1 of the Dungeon.
You were not hungry.

You visited 1 branch of the dungeon, and saw 1 of its levels.

Inventory:

Hand Weapons
 a - a +0 hunting sling (weapon)
Missiles
 b - 14 stones
 d - 19 sling bullets (quivered)
Armour
 e - a +0 robe (worn)
Potions
 c - a potion of berserk rage {unknown}
 g - a potion of flight {unknown}
Comestibles
 f - 2 rations


   Skills:
 + Level 1.0 Fighting
 + Level 2.0 Slings
 + Level 1.7 Dodging
 + Level 1.0 Spellcasting
 + Level 3.4 Hexes


You had 2 spell levels left.
You knew the following spells:

 Your Spells              Type           Power        Failure   Level  Hunger
a - Corona                Hex            ##.....      6%          1    ##.....

Your spell library contained the following spells:

 Spells                   Type           Power        Failure   Level  Hunger
 Slow                     Hex            ##......     10%         2    ###....
 Inner Flame              Hex/Fire       #.......     36%         3    ####...
 Portal Projectile        Hex/Tloc       #.....       36%         3    ####...
 Cause Fear               Hex            ##........   52%         4    #####..
 Leda's Liquefaction      Hex/Erth       #.........   77%         4    #####..


Dungeon Overview and Level Annotations

Branches:
Dungeon (1/15)

Altars:


Innate Abilities, Weirdness & Mutations

Your flesh is cold resistant. (rC+)


Message History

Aim: a frilled lizard You shoot a sling bullet.
The sling bullet closely misses the frilled lizard.
A frilled lizard is nearby!
Firing (i - inventory. (/) - cycle)
d - 16 sling bullets (quivered)
Press: ? - help, Shift-Dir - straight line, f/p - frilled lizard
Aim: a frilled lizard You shoot a sling bullet.
The sling bullet hits the frilled lizard.
You kill the frilled lizard!
Your Slings skill increases to level 2!
d - 16 sling bullets (gained 1)
d - 17 sling bullets (gained 1)
c - a pink potion No target in view!
d - 19 sling bullets (gained 2)
g - a fuming cyan potion No target in view!
A giant cockroach comes into view.
Are you sure you want to abandon this character and quit the game? (Confirm with "yes".)

#########
........##
s........#
#@.# #..#
#..#
####..#
..##>.###
#.##....#
#####
#.##.##.#
.....
#.##.##.#
###
#.##.##.#


You could see a giant cockroach (sleeping).

Vanquished Creatures
  A ball python (D:1)
  2 goblins (D:1)
  A hobgoblin (D:1)
  3 jackals (D:1)
  A frilled lizard (D:1)
  A kobold (D:1)
9 creatures vanquished.

Notes
Turn   | Place    | Note
-------+----------+-------------------------------------------
     0 | D:1      | Iscandelvey the Demonspawn Arcane Marksman began the quest
                  | for the Orb.
     0 | D:1      | Reached XP level 1. HP: 15/15 MP: 2/2
   127 | D:1      | Gained mutation: Your flesh is cold resistant. (rC+)
                  | [demonic ancestry]
   127 | D:1      | Reached XP level 2. HP: 21/21 MP: 3/3
   163 | D:1      | Quit the game

Levels and vault maps discovered:
D:1:      lemuel_arrival_behind_the_door_small, layout_loops_ring

Skill      XL: |  1  2 |
---------------+-------+-----
Slings         | 2 |  2.0
Fighting       | |  1.0
Dodging        | |  1.7
Spellcasting   | |  1.0
Hexes          | |  3.4

Action                   || total
-------------------------++-------
 Fire: Hunting sling     ||    21
Armor: Robe              ||     1
Dodge: Dodged            ||     6

Table legend:
 A = Non-vault XP
 B = Vault XP
 C = Vault XP percentage of total XP
 D = Non-vault monster count
 E = Vault monster count
 F = Vault count percentage of total count
                 A         B        C        D         E       F
            +---------+---------+-------+---------+---------+-------
      Total |      16 |       0 |   0.0 |       9 |       0 |   0.0
            +---------+---------+-------+---------+---------+-------
        D:1 |      16 |       0 |   0.0 |       9 |       0 |   0.0
            +---------+---------+-------+---------+---------+-------
